 Dungeon Crawl Stone Soup version 0.26-a0-257-g47e9e61525 (webtiles) character file.

Game seed: 15139832064487020503

7695 Infinimo the Thaumaturge (level 11, -1/68 HPs)
             Began as a Mummy Fire Elementalist on July 10, 2020.
             Was an Initiate of Gozag.
             Slain by a troll (13 damage)
             ... on level 9 of the Dungeon.
             The game lasted 00:19:23 (16276 turns).

Infinimo the Thaumaturge (Mummy Fire Elementalist) Turns: 16276, Time: 00:19:23

Health: -1/68      AC:  8    Str: 12    XL:     11   Next: 0%
Magic:  24/24      EV: 16    Int: 18    God:    Gozag
Gold:   500        SH:  0    Dex: 12    Spells: 16/29 levels left

rFire    x . .     SeeInvis .   i - +1 whip (elec)
rCold    + . .     Faith    .   (no shield)
rNeg     + + +     Spirit   .   g - +2 animal skin
rPois    ∞         Reflect  .   h - +0 helmet
rElec    .         Harm     .   c - +1 cloak
rCorr    .                      (no gloves)
MR       +....                  l - +0 pair of boots
Stlth    ++........             (no amulet)
HPRegen  0.21/turn              j - +4 ring of evasion
MPRegen  0.19/turn              o - +4 ring of slaying

@: about to teleport, marked
A: no food or potions, fire vulnerability, cold resistance 1, negative energy
resistance 3, torment resistance, unbreathing
a: Potion Petition, Call Merchant, Bribe Branch, Renounce Religion


You were on level 9 of the Dungeon.
You worshipped Gozag.
Gozag was pleased with you.
You were not hungry.

You visited 2 branches of the dungeon, and saw 11 of its levels.

You collected 634 gold pieces.
You paid 134 gold pieces to Gozag.

Inventory:

Hand Weapons
 i - a +1 whip of electrocution (weapon)
Armour
 a - a +1 pair of boots
 c - a +1 cloak (worn)
 g - a +2 animal skin (worn)
 h - a +0 helmet (worn)
 l - a +0 pair of boots (worn)
Jewellery
 j - a +4 ring of evasion (left hand)
 o - a +4 ring of slaying (right hand)
 p - an uncursed ring of fire {unknown}
Wands
 m - a wand of digging (4)
 t - a wand of acid (15)
Scrolls
 b - 4 scrolls of identify
 d - 4 scrolls of enchant armour
 e - 5 scrolls of remove curse
 f - a scroll of immolation
 k - a scroll of summoning
 n - 3 scrolls of teleportation
 q - a scroll of amnesia {unknown}
 r - a scroll of silence {unknown}
 s - a scroll of noise {unknown}


   Skills:
 - Level 1.5 Dodging
 - Level 1.5 Stealth
 + Level 9.5 Spellcasting
 * Level 9.1 Conjurations
 * Level 9.4 Fire Magic


You had 16 spell levels left.
You knew the following spells:

 Your Spells              Type           Power        Failure   Level
a - Foxfire               Conj/Fire      ####         1%          1
b - Conjure Flame         Conj/Fire      #####...     1%          3
c - Sticky Flame          Conj/Fire      #####...     1%          4
d - Fireball              Conj/Fire      #####.....   4%          5

Your spell library contained the following spells:

 Spells                   Type           Power        Failure   Level
 Inner Flame              Hex/Fire       ####....     3%          3
 Sticks to Snakes         Tmut           #.......     13%         2
 Beastly Appendage        Tmut           Unusable     N/A         1
 Spider Form              Tmut/Pois      Unusable     N/A         3
 Ice Form                 Ice/Tmut       Unusable     N/A         4
 Blade Hands              Tmut           Unusable     N/A         5

Dungeon Overview and Level Annotations

Branches:
Dungeon (10/15)            Temple (1/1) D:6
   Lair: D:8-11         Orc: D:9-12

Altars:
Ashenzari
Cheibriados
Dithmenos
Elyvilon
Fedhas
Gozag
Hepliaklqana
Kikubaaqudgha
Makhleb
Nemelex Xobeh
Okawaru
Qazlal
Ru
Sif Muna
Trog
Uskayaw
Vehumet
Wu Jian
Xom
Yredelemnul
Zin
The Shining One

Shops:
D:5 [

Annotations:
D:5 Froggeryz's ghost, novice DDAK


Innate Abilities, Weirdness & Mutations

You do not eat or drink.
Your flesh is vulnerable to fire.
You are immune to poison.
Your flesh is cold resistant. (rC+)
You are immune to negative energy. (rN+++)
You are immune to unholy pain and torment.
You can survive without breathing.


Message History

You conjure some foxfire!
The wyvern zombie bites you!
The foxfire hits the iguana.
The iguana is lightly wounded.
The foxfire hits the wyvern zombie.
A gnoll comes into view. It is wielding a +0 whip.
An ufetubus comes into view.
A gnoll comes into view. It is wielding a +0 flail.
The troll claws you.
There is a stone staircase leading up here.
The troll claws you.
You climb upwards.
There is a stone staircase leading down here.
The troll bites you! The troll claws you!
There is an open door here.
The troll bites you!
* * * LOW HITPOINT WARNING * * *
As you read the scroll of teleportation, it crumbles to dust.
You feel strangely unstable. The troll bites you!
You die...
Your body crumbles into a pile of gold.

...§§..####..##..........###.....
.....§.# ##..'..........# ######
.####### ####..........# ##
..####### #####'###### #.
#..†....## #.# ###. #######..#
#.# #... ########'### #.# #...
...........########.### #...
...........'...T@.....########...
...........########.#'#..........
..........># #.#_########...
...........# ##.### #...
...........# #..# #...
...........# #.## ####
#######'#### #.# #####...# #.#
......### #####.#####


You could see a troll.

Vanquished Creatures
  Harold (D:8)
  Erica (D:8)
  A two-headed ogre (D:8)
  Pikel (D:3)
  Prince Ribbit (D:9)
  The ghost of Elizilla the Shield-Bearer, an amateur FoFi of Okawaru (D:4)
  2 hippogriffs
  5 yaks (D:9)
  7 orc warriors
  3 ice beasts
  2 sky beasts
  3 ogres
  4 centaurs
  2 lemures (D:3)
  4 big kobolds
  2 bullfrogs
  2 scorpions
  2 killer bees (D:8)
  5 howler monkeys
  A centaur zombie (D:4)
  2 jellies
  7 hounds
  4 orc priests
  10 orc wizards
  8 worker ants
  Robin (D:3)
  10 gnolls
  2 howler monkey skeletons (D:5)
  9 adders
  A shadow imp (D:7)
  4 ufetubi
  2 oozes
  An adder zombie (D:8)
  A dart slug (D:4)
  10 leopard geckos
  52 orcs
  3 ball pythons
  6 giant cockroaches
  18 goblins
  9 hobgoblins
  3 jackals (D:1)
  7 quokkas
  9 bats
  5 frilled lizards
  27 kobolds
  A quokka zombie (D:7)
  7 rats
269 creatures vanquished.

Vanquished Creatures (others)
  1387 foxfires
  2 plants (D:6)
1389 creatures vanquished.

Grand Total: 1658 creatures vanquished

Notes
Turn   | Place    | Note
-------+----------+-------------------------------------------
     0 | D:1      | Infinimo the Mummy Fire Elementalist began the quest for
                  | the Orb.
     0 | D:1      | Reached XP level 1. HP: 13/13 MP: 4/4
   145 | D:1      | Reached skill level 1 in Conjurations
   271 | D:1      | Reached XP level 2. HP: 19/19 MP: 2/5
  1123 | D:1      | Reached XP level 3. HP: 22/24 MP: 4/7
  1590 | D:2      | Found a faded altar of an unknown god.
  2042 | D:2      | Found a sacrificial altar of Ru.
  2309 | D:2      | Reached XP level 4. HP: 30/30 MP: 5/9
  2400 | D:2      | Learned a level 3 spell: Conjure Flame
  2405 | D:2      | Learned a level 4 spell: Sticky Flame
  3355 | D:3      | Noticed Robin
  3397 | D:3      | Killed Robin
  3737 | D:3      | Reached XP level 5. HP: 35/35 MP: 4/10
  5037 | D:4      | Noticed a lemure
  5037 | D:4      | Noticed a lemure
  5039 | D:4      | Noticed a lemure
  5040 | D:4      | Noticed Pikel
  5053 | D:4      | Noticed a lemure
  5291 | D:3      | Killed a lemure
  5457 | D:3      | Killed a lemure
  5612 | D:3      | Killed Pikel
  5612 | D:3      | Reached skill level 5 in Spellcasting
  5612 | D:3      | Reached XP level 6. HP: 7/41 MP: 2/13
  5612 | D:3      | Reached XP level 7. HP: 8/46 MP: 2/14
  6077 | D:4      | Reached skill level 5 in Fire Magic
  6984 | D:4      | Found a runed translucent door.
  6986 | D:4      | Noticed Elizilla's ghost (amateur FoFi)
  7058 | D:4      | Killed Elizilla's ghost
  7058 | D:4      | Reached XP level 8. HP: 52/52 MP: 14/16
  7121 | D:5      | Entered Level 5 of the Dungeon
  7139 | D:5      | Found Edghix's Antique Armour Boutique.
  7443 | D:5      | Reached skill level 5 in Conjurations
  7623 | D:5      | Noticed Froggeryz's ghost (novice DDAK)
  7624 | D:5      | Found a transporter.
  7628 | D:5      | Found a transporter.
  7812 | D:5      | Found a glowing silver altar of Zin.
  7813 | D:5      | Noticed an angel
  8926 | D:6      | Found a basalt altar of Yredelemnul.
  9179 | D:6      | Found a staircase to the Ecumenical Temple.
  9514 | Temple   | Entered the Ecumenical Temple
  9872 | D:6      | Reached XP level 9. HP: 57/57 MP: 16/19
 12187 | D:8      | Noticed Harold
 12206 | D:8      | HP: 2/57 [bullfrog (5)]
 12210 | D:8      | Killed Harold
 12514 | D:8      | Found a shadowy altar of Dithmenos.
 12586 | D:8      | Reached XP level 10. HP: 63/63 MP: 17/22
 12653 | D:8      | Noticed Erica
 12664 | D:8      | Killed Erica
 12770 | D:8      | Found a sparkling altar of Nemelex Xobeh.
 12835 | D:8      | Noticed a two-headed ogre
 12849 | D:8      | Killed a two-headed ogre
 13552 | D:8      | Found a shattered altar of Ashenzari.
 13552 | D:8      | Found a radiant altar of Vehumet.
 14736 | D:9      | Noticed Prince Ribbit
 14750 | D:9      | Killed Prince Ribbit
 15158 | D:9      | Found a hide-covered altar of Uskayaw.
 15395 | D:9      | Found an opulent altar of Gozag.
 15403 | D:9      | Became a worshipper of Gozag Ym Sagoz the Greedy
 15435 | D:10     | Entered Level 10 of the Dungeon
 16123 | D:9      | Learned a level 5 spell: Fireball
 16131 | D:9      | Reached XP level 11. HP: 46/68 MP: 18/24
 16276 | D:9      | Slain by a troll

Illustrated notes

Levels and vault maps discovered:
D:1:      saegor_arrival_miasma, layout_basic, chequers_serial_rivers_small_b
D:2:      kb_forest_paths, layout_basic, chequers_ecumenical_altar_simple,
          nicolae_ru_awakened_eye
D:3:      layout_loops_ring, uniq_robin
D:4:      layout_cave_pods, first_ration, gammafunk_ghost_grave, uniq_pikel
D:5:      layout_basic, zin_angel, serial_shops,
          nicolae_shop_temple_entry_statues_fountains, gammafunk_ghost_smash
D:6:      layout_loops_ring, yredelemnul_altar_generic,
          minmay_temple_entry_overgrown
D:7:      layout_layer_cave
D:8:      layout_cave_pools, nicolae_dithmenos_shadow_blocks,
          nemelex_xobeh_ov_fountains_minmay, gammafunk_temple_overflow_wave,
          grunt_pizzeria, grunt_ministairs_8, uniq_erica, uniq_harold
D:9:      layout_roguey [special_room_orc], kennysheep_mini,
          grunt_gozag_breadcrumbs, uniq_prince_ribbit1
D:10:     layout_big_octagon
Temple:   eino_temple_water

Skill      XL: |  1  2  3  4  5  6  7  8  9 10 |
---------------+-------------------------------+-----
Conjurations   | 1 2 4 6 7 9 |  9.1
Spellcasting   | 3 5 6 8 9 |  9.5
Fire Magic     | 3 4 5 6 8 9 |  9.4
Dodging        | |  1.5
Stealth        | |  1.5

Action                   |  1- 3 |  4- 6 |  7- 9 | 10-12 || total
-------------------------+-------+-------+-------+-------++-------
Melee: Unarmed           |     1 |       |       |       ||     1
       Short sword       |       |     4 |       |       ||     4
       Whip              |       |       |     9 |    43 ||    52
 Cast: Foxfire           |   148 |   171 |   285 |   209 ||   813
       Sticky Flame      |       |     3 |     9 |    20 ||    32
       Conjure Flame     |       |       |     1 |       ||     1
  Use: Scroll            |     3 |     2 |     9 |     1 ||    15
Armor: Robe              |     6 |     9 |       |       ||    15
       Animal skin       |       |    13 |    56 |    48 ||   117
Dodge: Dodged            |    29 |    48 |   167 |   123 ||   367

Table legend:
 A = Non-vault XP
 B = Vault XP
 C = Vault XP percentage of total XP
 D = Non-vault monster count
 E = Vault monster count
 F = Vault count percentage of total count
                 A         B        C        D         E       F
            +---------+---------+-------+---------+---------+-------
      Total |    6902 |    4092 |  37.2 |     217 |      50 |  18.7
            +---------+---------+-------+---------+---------+-------
        D:1 |      51 |       0 |   0.0 |      28 |       0 |   0.0
        D:2 |      38 |      59 |  60.8 |      16 |       7 |  30.4
        D:3 |     105 |     717 |  87.2 |      27 |      11 |  28.9
        D:4 |     186 |     279 |  60.0 |      13 |       1 |   7.1
        D:5 |     557 |     125 |  18.3 |      18 |       1 |   5.3
        D:6 |     843 |       0 |   0.0 |      18 |       0 |   0.0
        D:7 |    1145 |       0 |   0.0 |      27 |       0 |   0.0
        D:8 |    1890 |    2144 |  53.1 |      24 |       5 |  17.2
        D:9 |    1834 |     768 |  29.5 |      36 |      25 |  41.0
       D:10 |     253 |       0 |   0.0 |      10 |       0 |   0.0
            +---------+---------+-------+---------+---------+-------
